 Dungeon Crawl Stone Soup version 0.24.0-29-g8ce449bc06 (webtiles) character file.

Game seed: 10963921957350655237, levelgen mode: deterministic

259 Gumption the Magician (level 5, -1/28 HPs)
             Began as a Deep Elf Wizard on Nov 15, 2019.
             Was an Initiate of Sif Muna.
             Slain by a river rat (5 damage)
             ... on level 4 of the Dungeon.
             The game lasted 00:27:02 (4537 turns).

Gumption the Magician (Deep Elf Wizard)             Turns: 4537, Time: 00:27:02

Health: -1/28      AC:  3    Str:  4    XL:     5   Next: 94%
Magic:  1/15       EV: 14    Int: 24    God:    Sif Muna [......]
Gold:   189        SH:  0    Dex: 13    Spells: 2/15 levels left

rFire    . . .     SeeInvis .   b - +0 dagger
rCold    . . .     Gourm    .   (no shield)
rNeg     . . .     Faith    .   c - +0 robe
rPois    .         Spirit   .   h - +0 hat
rElec    .         Reflect  .   (no cloak)
rCorr    .         Harm     .   (no gloves)
MR       .....                  o - +0 pair of boots
Stlth    ++........             (no amulet)
HPRegen  0.09/turn              (no ring)
MPRegen  0.14/turn              (no ring)

@: no status effects
A: no striking features
a: Renounce Religion


You were on level 4 of the Dungeon.
You worshipped Sif Muna.
Sif Muna was noncommittal.
You were hungry.

You visited 1 branch of the dungeon, and saw 4 of its levels.

You collected 189 gold pieces.

Inventory:

Hand Weapons
 a - a +0 spear
 b - a +0 dagger (weapon)
 s - a +0 trident
 t - a +0 hunting sling
Missiles
 d - 72 stones
 q - 14 poisoned darts (quivered)
Armour
 c - a +0 robe (worn)
 h - a +0 hat (worn)
 o - a +0 pair of boots (worn)
Jewellery
 g - a cursed -3 ring of dexterity {unknown}
Scrolls
 i - a scroll of teleportation {unknown}
 j - a scroll of enchant weapon {unknown}
 k - a scroll of fog {unknown}
 l - 2 scrolls of identify {unknown}
 m - 2 scrolls of remove curse {unknown}
 p - a scroll of amnesia {unknown}
Potions
 n - a potion of heal wounds {unknown}
 r - a potion of might {unknown}
 u - a potion of mutation {unknown}
Comestibles
 e - 4 rations


   Skills:
 + Level 4.0 Dodging
 - Level 2.4 Stealth
 + Level 5.5 Spellcasting
 + Level 4.0 Conjurations
 - Level 1.1 Summonings
 - Level 1.1 Translocations
 + Level 1.3 Fire Magic
 + Level 1.3 Air Magic
 + Level 1.5 Poison Magic
 + Level 0.1 Invocations


You had 2 spell levels left.
You knew the following spells:

 Your Spells              Type           Power        Failure   Level  Hunger
a - Magic Dart            Conj           ####         1%          1    None
b - Blink                 Tloc           N/A          9%          2    None
c - Call Imp              Summ           ##......     9%          2    None
d - Conjure Flame         Conj/Fire      ###.....     9%          3    #......
e - Mephitic Cloud        Conj/Pois/Air  ###.....     10%         3    #......
f - Confusing Touch       Hex            #.....       9%          1    None
g - Animate Skeleton      Necr           N/A          9%          1    None

Your spell library contained the following spells:

 Spells                   Type           Power        Failure   Level  Hunger
 Apportation              Tloc           ##....       5%          1    None
 Summon Small Mammal      Summ           ##..         5%          1    None
 Slow                     Hex            #.......     13%         2    None


Dungeon Overview and Level Annotations

Branches:
Dungeon (4/15)             Temple (0/1) D:4

Altars:
Ru
Sif Muna

Portals:
Sewer: D:4


Message History

The magic dart hits the river rat.
The river rat is severely wounded.
You hear the slow rusting of a drain nearby.
You feel sick. The river rat bites you.
* * * LOW HITPOINT WARNING * * *
You feel sick.
The river rat seems less confused.
You feel sick.
You feel sick.
You are no longer poisoned.
Casting: Magic Dart (safe; 1% risk of failure)
Confirm with . or Enter, or press ? or * to list all spells.
Aiming: Magic Dart (safe; 1% risk of failure)
Press: ? - help, Shift-Dir - straight line, f/p - river rat
Aim: a river rat (heavily wounded)
The magic dart hits the river rat.
The river rat is almost dead.
The river rat bites you.
You die...

,,,,*******#.....#.# ****** #.
,**,,,,,,,*#####.#.# *,,,,* #.
,**,,,,,,,* #.#.# *,,*,* #.
,,,,,,,,,,**** #.#.# *,,*,* *,
,,,,,,,,,,,,,* #.#.# *,,,,* *,
,,,,,,,,,,**,**#.#.# *,,*** *,
,,,,,,*,*,,,,,*#.#,* *,,*****,
,,,,,,*,*,,,,,*#.#,* *,,,,,,,,
,,,,***,*,,..,*#@#,* *,*******
,,,,,,,,***#.#*#r#,* *,***,,,,
,,,,***** #.# #.#,******,**,***,
,,,,* #.# #.#,**,,,,,,,*****
,,,,*#######.###.#,**,***,,**,**,
,,,,*#...^......r#,**,* *,,*,,,,,
,,,,*#...........#,,,,* *,*,,,>,,
*****#...........#*******,,,,,,,*
#.........%.# *,,****,,*


You could see 2 river rats.

Vanquished Creatures
  Natasha (thrice) (D:2)
  Terence (D:3)
  4 adders
  A river rat (D:4)
  2 oozes
  3 worms
  4 dart slugs
  2 leopard geckos
  2 orcs
  3 ball pythons
  6 bats
  7 giant cockroaches
  7 goblins
  7 hobgoblins
  5 jackals
  3 quokkas
  3 frilled lizards
  8 kobolds
  3 rats
74 creatures vanquished.

Vanquished Creatures (collateral kills)
  A worker ant (D:4)
1 creature vanquished.

Grand Total: 75 creatures vanquished

Notes
Turn   | Place    | Note
-------+----------+-------------------------------------------
     0 | D:1      | Gumption the Deep Elf Wizard began the quest for the Orb.
     0 | D:1      | Reached XP level 1. HP: 10/10 MP: 7/7
   397 | D:1      | Reached XP level 2. HP: 15/15 MP: 6/9
   587 | D:1      | Learned a level 2 spell: Blink
   590 | D:1      | Learned a level 2 spell: Call Imp
  1161 | D:1      | Reached XP level 3. HP: 19/19 MP: 4/11
  2027 | D:2      | Reached skill level 5 in Spellcasting
  2344 | D:2      | Reached XP level 4. HP: 24/24 MP: 7/13
  2447 | D:2      | Learned a level 3 spell: Conjure Flame
  2451 | D:2      | Learned a level 3 spell: Mephitic Cloud
  2487 | D:2      | Learned a level 1 spell: Confusing Touch
  2608 | D:2      | Noticed Natasha
  2612 | D:2      | Killed Natasha
  2906 | D:2      | Noticed Natasha
  2912 | D:2      | Killed Natasha
  2912 | D:2      | Reached XP level 5. HP: 21/28 MP: 6/14
  3180 | D:2      | Noticed Natasha
  3185 | D:2      | Killed Natasha
  3185 | D:2      | Reached skill level 1 in Fire Magic
  3185 | D:2      | Reached skill level 1 in Poison Magic
  3232 | D:2      | Learned a level 1 spell: Animate Skeleton
  3233 | D:3      | Noticed Terence
  3242 | D:3      | Killed Terence
  3735 | D:3      | Found a sacrificial altar of Ru.
  3871 | D:3      | Reached skill level 1 in Air Magic
  4259 | D:3      | Found a shimmering blue altar of Sif Muna.
  4262 | D:3      | Became a worshipper of Sif Muna the Loreminder
  4481 | D:4      | Found a glowing drain.
  4537 | D:4      | Slain by a river rat

Levels and vault maps discovered:
D:1:      dpeg_arrival_leaves_temple_mockup, layout_loops_corners,
          kennysheep_decorative_pillar, chequers_serial_rivers_micro_d
D:2:      layout_loops_ring, serial_bayou_pond_e, uniq_natasha
D:3:      layout_loops_ring, lemuel_blue_sif_altar, lemuel_round_altar,
          uniq_terence
D:4:      layout_basic, minmay_temple_entry_wispy, portal_sewer_entry_a

Skill      XL: |  1  2  3  4  5 |
---------------+----------------+-----
Conjurations   | 2 3 4 |  4.0
Dodging        | 3 4 |  4.0
Spellcasting   | 5 |  5.5
Fire Magic     | 1 |  1.3
Poison Magic   | 1 |  1.5
Air Magic      | 1 |  1.3
Stealth        | |  2.4
Summonings     | |  1.1
Translocations | |  1.1
Invocations    | |  0.1

Action                   |  1- 3 |  4- 6 || total
-------------------------+-------+-------++-------
Melee: Spear             |     2 |       ||     2
       Dagger            |       |     7 ||     7
 Cast: Magic Dart        |   102 |   107 ||   209
       Blink             |       |     1 ||     1
       Animate Skeleton  |       |     4 ||     4
       Mephitic Cloud    |       |     3 ||     3
       Call Imp          |       |     1 ||     1
       Confusing Touch   |       |     1 ||     1
  Use: Scroll            |     1 |     1 ||     2
 Stab: Sleeping          |       |     1 ||     1
  Eat: Chunk             |     4 |     6 ||    10
Armor: Robe              |     4 |       ||     4
Dodge: Dodged            |    12 |    20 ||    32
